Map: Pylon LE

Players

maverick

  • Race: Zerg Zerg
  • League: Master
  • Spawn Location: 11:00

ManlyManMeat - Winner!

  • Race: Zerg Zerg
  • League: Master
  • Spawn Location: 5:00

VOD

Have the link to the VOD?

Description

Time

  • Played on: June 15, 2025, 1:49 p.m.
  • Length: 6:08
Show
View Real Time Build Order
Export as new Build Order

maverick Zerg 

Build Orders: Hatch First 

Get SALT Encoding   

  12  0:00  Drone  
  13  0:12  Overlord  
  13  0:16  Drone  
  14  0:30  Drone x2  
  14  0:34  Drone  
  17  0:51  Hatchery  
  17  0:54  Drone  
  17  1:07  Spawning Pool  
  17  1:09  Drone  
  17  1:13  Drone  
  17  1:17  Drone  
  19  1:29  Overlord  
  19  1:54  Queen  
  19  1:55  Zergling x2  
  19  1:56  Drone  
  23  2:08  Queen  
  25  2:15  Spine Crawler  
  23  2:40  Spine Crawler  
  22  2:56  Queen  
  22  2:57  Queen  
  24  3:02  Drone x3  
  27  3:15  Drone  
  26  3:33  Zergling x2  
  17  3:42  Drone  
  16  3:50  Spine Crawler  
  12  4:01  Zergling x4  
  12  4:02  Zergling x2, Queen  
  17  4:07  Zergling x4  
  17  4:08  Zergling x2, Queen  
  22  4:11  Spine Crawler  
  22  4:13  Roach Warren  
  22  4:15  Extractor  
  13  4:43  Zergling x6  
  13  4:45  Zergling x6  
  12  5:16  Queen  
  14  5:22  Drone x3  
Show
View Real Time Build Order
Export as new Build Order

ManlyManMeat Zerg - Winner!

Build Orders: 1 Base Baneling Bust, Pool First 

Get SALT Encoding   

  12  0:06  Drone  
  13  0:08  Drone  
  14  0:27  Overlord  
  14  0:33  Spawning Pool  
  13  0:38  Drone  
  14  0:43  Drone, Extractor  
  14  0:47  Extractor  
  14  0:49  Drone  
  14  0:53  Drone  
  15  1:01  Drone  
  17  1:11  Drone  
  17  1:22  Zergling x2  
  18  1:27  Queen  
  20  1:34  Metabolic Boost  
  21  1:40  Zergling x2  
  21  1:46  Zergling x2  
  22  1:54  Baneling Nest, Drone  
  22  2:12  Overlord  
  22  2:35  Zergling x8  
  22  2:36  Zergling x2  
  26  2:54  Hatchery  
  26  2:55  Overlord  
  24  3:04  Overlord x2  
  22  3:43  Zergling x6  
  24  3:49  Zergling x6  
  26  3:59  Baneling x4  
  26  4:00  Zergling x2  
  27  4:07  Zergling x2  
  28  4:10  Zergling x2  
  28  4:13  Queen  
  29  4:43  Zergling x8  
  29  4:44  Zergling x8  
  31  5:03  Zergling x4  
  31  5:05  Drone  
  31  5:06  Drone x2  
  34  5:20  Drone x2  
  36  5:25  Baneling x7  
  36  5:30  Drone x2, Evolution Chamber  
Tags
 
Add a new tag
Caveats
  • Supply blocks, unpowered buildings, or Contaminate may cause inaccurate times.
  • Supply counts are checked every 10 seconds.